AoeStats
← squad_leader999

Arena

505997145Analyzed
2v2 RM · 19d ago on Sep 12, 2026· 36m 13s· 4 players
Game mode
Random Map
Map size
Medium (4 player)
Population
200
Speed
Normal
Resources
Standard
Victory
Conquest
Starting age
Dark Age
Ending age
Imperial Age
RankedLock teamsTeams togetherTeam positionsShared explorationLock speedFull tech treeHidden civsTurbo modeCheats
Victory
Defeat
🇸🇦 Mongols · Saudi Arabia
1135
+11
🇹🇷 Turks · Türkiye
941
+19
🇨🇱 Magyars · Chile
1049
-16
🇨🇱 Georgians · Chile
987
-14
Doctor Ezio
13:27 Feudal Age
14:22 Feudal Age
15:58 Loom
18:55 Castle Age
18:49 Double-Bit Axe
23:51 Horse Collar
26:17 Wheelbarrow
26:57 Elite Skirmisher
28:20 Bow Saw
28:46 Fletching
28:57 Padded Archer Armor
30:09 Ballistics
30:49 Bodkin Arrow
35:06 Horse Collar
YONG
1:40 Loom
12:01 Feudal Age
17:25 Castle Age
28:27 Double-Bit Axe
31:49 Man-at-Arms
SexyDaddy
13:00 Feudal Age
17:06 Castle Age
14:51 Loom
15:25 Double-Bit Axe
21:07 Imperial Age
18:25 Loom
25:11 Gold Mining
26:35 Forging
26:26 Scale Mail Armor
26:47 Horse Collar
27:40 Squires
29:04 Scale Mail Armor
32:12 Padded Archer Armor
33:22 Leather Archer Armor
squad_leader999
2:48 Loom
12:03 Feudal Age
16:24 Castle Age
14:29 Horse Collar
15:17 Double-Bit Axe
26:08 Fletching
27:35 Bodkin Arrow
33:21 Bow Saw
33:14 Heavy Plow
34:20 Light Cavalry
35:11 Bloodlines
35:02 Husbandry
35:06 Padded Archer Armor
35:16 Forging
35:12 Scale Barding Armor
Connection lost

Rejoining the realm…

Still unreachable

The connection could not be restored.

Session expired

The server has moved on; the page needs a fresh start.